 Dungeon Crawl Stone Soup version 0.30-a0-857-gcaf70739d4 (webtiles) character file.

Game seed: 1384069248120309436

144 Newt the Shooter (level 5, -2/35 HPs)
             Began as a Kobold Hunter on Mar 6, 2023.
             Killed by divine providence
             ... invoked by an orc priest
              (9 damage)
             ... on level 4 of the Dungeon.
             The game lasted 00:02:00 (2089 turns).

Newt the Shooter (Kobold Hunter)                    Turns: 2089, Time: 00:02:00

Health: -2/35      AC:  3    Str:  8    XL:     5   Next: 51%
Magic:  14/14      EV: 14    Int: 11    God:
Gold:   153        SH:  0    Dex: 20    Spells: 4/4 levels left

rFire   + . .      SeeInvis +    a - +0 shortbow
rCold   + . .      Faith    .    (shield currently unavailable)
rNeg    . . .      Spirit   .    c - +0 leather armour
rPois   +          Reflect  .    (no helmet)
rElec   +          Rampage  .    (no cloak)
rCorr   +                        (no gloves)
Will    .....                    (no boots)
Stlth   +++                      (no amulet)
HPRegen 0.25/turn                e - ring of magical power
MPRegen 0.14/turn                f - ring of see invisible

@: resistant, attractive
A: small, no large weapons, nightstalker 3
a: no special abilities


You were on level 4 of the Dungeon.
You visited 1 branch of the dungeon, and saw 4 of its levels.

You collected 153 gold pieces.

Inventory:

Hand Weapons
 a - a +0 shortbow (weapon)
Armour
 c - a +0 leather armour (worn)
Jewellery
 e - a ring of magical power (left hand)
 f - a ring of see invisible (right hand)
Scrolls
 b - 2 scrolls of immolation
 d - a scroll of teleportation
 h - a scroll of magic mapping
 k - 2 scrolls of blinking
Potions
 g - a potion of resistance
 i - a potion of might
 j - a potion of attraction
 l - a potion of ambrosia
 m - 2 potions of brilliance {unknown}


   Skills:
 - Level 5.0 Fighting
 + Level 6.4 Ranged Weapons
 - Level 2.4 Dodging
 - Level 1.3 Stealth


You had 4 spell levels left.
You didn't know any spells.
Your spell library contained the following spells:

 Spells                   Type           Power      Damage    Failure   Level
 Apportation              Tloc           0%         N/A       45%         1
 Alistair's Intoxication  Tmut/Pois      0%         N/A       100%        5


Dungeon Overview and Level Annotations

Branches:
Dungeon (4/15)
 Temple: D:4-7

Altars:
Cheibriados

Shops:
D:2 :


Innate Abilities, Weirdness & Mutations

You are small and have problems with some larger weapons.
You are completely attuned to the shadows.


Message History

You are confused.
You feel invigorated. The orc closely misses you.
The orc attacks as you move away! The orc hits you with a +0 club.
* * * LOW HITPOINT WARNING * * *
The orc priest is attracted toward you.
You miss the orc. The orc completely misses you. The orc barely misses you.
You clumsily bash the orc but do no damage.
The orc barely misses you.
You clumsily bash the orc but do no damage.
The orc priest invokes the aid of Beogh against you.
Beogh smites you! The orc misses you. The orc barely misses you.
You bump into the rock wall.
The orc hits you with a +0 club.
You closely miss the orc.
You feel less invigorated.
You feel less confused. The orc closely misses you.
You shoot an arrow. The arrow hits the orc!
You kill the orc!
The orc priest calls down the wrath of Beogh upon you.
Beogh smites you!
You shoot an arrow. The arrow hits the orc priest.
The orc priest is moderately wounded.
The orc priest barely misses you.
You shoot an arrow.
The arrow hits the orc priest but does no damage.
The orc priest is moderately wounded.
The orc priest closely misses you.
You shoot an arrow. The arrow hits the orc priest.
The orc priest is moderately wounded.
The orc priest hits you with a +0 whip.
* * * LOW HITPOINT WARNING * * *
You shoot an arrow. The arrow hits the orc priest.
The orc priest is severely wounded.
The orc priest hits you with a +0 whip.
* * * LOW HITPOINT WARNING * * *
You shoot an arrow.
The arrow closely misses the orc priest.
The orc priest barely misses you.
The orc priest calls down the wrath of Beogh upon you.
Beogh smites you!
You die...

####.#.######
............#
######...####.#
#...........#.#
#..#....###.#.#
#..<........#.#
#.#..#........#
................+
....#..###@######
.#.#... #o# #)#
#.# #)# ..#


You could see an orc priest.

Vanquished Creatures
  An orc wizard (D:4)
  3 adders
  A worm (D:3)
  3 dart slugs
  10 orcs
  6 ball pythons
  7 bats
  An endoplasm (D:1)
  6 giant cockroaches
  12 goblins
  3 hobgoblins
  8 kobolds
  4 quokkas
  4 rats
69 creatures vanquished.

Notes
Turn   | Place    | Note
-------+----------+-------------------------------------------
     0 | D:1      | Newt the Kobold Hunter began the quest for the Orb.
     0 | D:1      | Reached XP level 1. HP: 12/12 MP: 1/1
   104 | D:1      | Reached XP level 2. HP: 18/18 MP: 2/2
   320 | D:1      | Reached XP level 3. HP: 23/23 MP: 3/3
   777 | D:2      | Found Vaidd's Vocational Training.
   942 | D:2      | Reached XP level 4. HP: 24/30 MP: 4/4
  1507 | D:3      | Reached skill level 5 in Fighting
  1628 | D:3      | Reached XP level 5. HP: 35/35 MP: 5/5
  1870 | D:3      | Reached skill level 6 in Ranged Weapons
  1874 | D:3      | Found a snail-covered altar of Cheibriados.
  2089 | D:4      | Killed from afar by an orc priest

Illustrated notes

Levels and vault maps discovered:
D:1:      mainiacjoe_arrival_reflecting_pool, layout_loops_cross,
          chequers_garden
D:2:      layout_rooms, nicolae_shop_vocational
D:3:      layout_basic, kennysheep_slug_shrine
D:4:      gammafunk_cloud_chamber, layout_basic, minmay_temple_entry_ruins,
          gammafunk_ghost_icy, uniq_menkaure

Skill      XL: |  1  2  3  4  5 |
---------------+----------------+-----
Fighting       | 3 4 5 |  5.0
Ranged Weapons | 6 |  6.4
Dodging        | |  2.4
Stealth        | |  1.3

Action                     |  1- 3 |  4- 6 || total
---------------------------+-------+-------++-------
  Melee: Shortbow          |       |     4 ||     4
   Fire: Shortbow          |    89 |    89 ||   178
    Use: Scroll            |     7 |     2 ||     9
         Potion            |       |     3 ||     3
 Armour: Leather armour    |     8 |     9 ||    17
  Dodge: Dodged            |    29 |    34 ||    63

Table legend: (Time is in decaauts)
 A = Elapsed time spent in this place.
 B = Non-inter-level travel time spent in this place.
 C = Inter-level travel time spent in this place.
 D = Time resting spent in this place.
 E = Time spent auto-exploring this place.
 F = Levels seen in this place.
 G = Mean time per level.
                   A        B        C        D        E       F      G
               +--------+--------+--------+--------+--------+-----+--------+
         Total |   2140 |   2096 |     44 |    107 |   1637 |   4 |  535.0 |
       Dungeon |   2140 |   2096 |     44 |    107 |   1637 |   4 |  535.0 |
               +--------+--------+--------+--------+--------+-----+--------+

Top non-repeatable levels by time:
     D:1: 784 daAuts
     D:2: 723 daAuts
     D:3: 564 daAuts
     D:4: 68 daAuts
